 Dungeon Sprint DCSS version 0.27.1 (webtiles) character file.

Game seed: 10387049418261465267

7152 styxcanada the Imperceptible (level 10, -24/55 HPs)
             Began as a Spriggan Brigand on Aug 29, 2021.
             Was an Initiate of Gozag.
             Annihilated by a spriggan berserker (36 damage)
             ... in the Dungeon (Sprint IV: "Fedhas' Mad Dash").
             The game lasted 00:14:17 (1159 turns).

styxcanada the Imperceptible (Spriggan Brigand)     Turns: 1159, Time: 00:14:18

Health: -24/55     AC:  5    Str: 13    XL:     10   Next: 86%
Magic:  11/11      EV: 27    Int: 13    God:    Gozag
Gold:   958        SH:  8    Dex: 23    Spells: 9/9 levels left

rFire    . . .     SeeInvis +   l - +4 dagger (venom)
rCold    . . .     Faith    .   o - +0 buckler
rNeg     + . .     Spirit   .   t - +2 robe {Will+}
rPois    +         Reflect  .   (helmet restricted)
rElec    .         Harm     .   c - +0 cloak
rCorr    .         Rampage  .   (gloves unavailable)
Will     ++...     NoTele   +   (boots unavailable)
Stlth    ++++++++++             m - amulet of invisibility {+Inv}
HPRegen  0.18/turn              w - ring of Waniwup {rPois rN+ Str+6 Dex+3}
MPRegen  0.12/turn              (no ring)

@: very slightly contaminated, invisible (expiring), very quick
A: very small, no large weapons, unfitting armour, see invisible, speed 3
a: Renounce Religion, Evoke Invisibility, Potion Petition, Call Merchant, Bribe
Branch


You were in the Dungeon.
You worshipped Gozag.
Gozag was pleased with you.
You visited 1 branch You collected 3090 gold pieces.
You spent 2132 gold pieces at shops.

Inventory:

Hand Weapons
 a - a +3 dagger
 l - a +4 dagger of venom (weapon)
Missiles
 d - 11 poisoned darts (quivered)
 e - 2 curare-tipped darts
 r - 24 stones
Armour
 c - a +0 cloak (worn)
 o - a +0 buckler (worn)
 t - a +2 robe of willpower (worn)
 u - a +1 robe of positive energy
Jewellery
 m - the amulet of invisibility (around neck) {+Inv}
   (You found it in the Dungeon)

   [amulet of nothing]

   +Inv:      It lets you turn invisible.
 w - the ring of Waniwup (left hand) {rPois rN+ Str+6 Dex+3}
   (You acquired it in the Dungeon)

   [ring of strength]

   Str:       It affects your strength (+6).
   Dex:       It affects your dexterity (+3).
   rPois:     It protects you from poison.
   rN:        It protects you from negative energy.
Scrolls
 k - a scroll of blinking
 v - a scroll of holy word
Potions
 b - 3 potions of brilliance
 f - a potion of curing
 g - a potion of heal wounds
 h - a potion of haste
 i - 2 potions of magic
 n - a potion of might
 q - a potion of flight {unknown}


   Skills:
 * Level 7.3 Fighting
 + Level 6.4 Short Blades
 + Level 3.5 Throwing
 * Level 10.9 Dodging
 * Level 25.5 Stealth
 * Level 5.5 Shields
 * Level 13.2 Evocations


You had 9 spell levels left.
You didn't know any spells.
Your spell library contained the following spells:

 Spells                   Type           Power      Damage    Failure   Level
 Slow                     Hex            0%         N/A       45%         2
 Confusing Touch          Hex            0%         N/A       71%         3
 Ozocubu's Armour         Ice            0%         N/A       71%         3
 Metabolic Englaciation   Hex/Ice        0%         N/A       100%        5
 Yara's Violent Unravell  Hex/Tmut       0%         3d3       100%        5
 Simulacrum               Ice/Necr       0%         N/A       100%        6


Dungeon Overview and Level Annotations

Branches:
Dungeon (1/1)

Altars:
Cheibriados
Dithmenos
Elyvilon
Gozag
Hepliaklqana
Kikubaaqudgha
Makhleb
Nemelex Xobeh
Okawaru
Qazlal
Ru
Sif Muna
Trog
Uskayaw
Vehumet
Wu Jian
Xom
Yredelemnul
Zin
The Shining One
Beogh
Jiyva
Lugonu

Shops:
D *:[=*(?(


Innate Abilities, Weirdness & Mutations

You are very small and have problems with some larger weapons.
You are too small for most types of armour.
You have supernaturally acute eyesight. (SInv)
You cover ground extremely quickly. (Speed+++)


Message History

You block the spriggan berserker's attack.
You hear an angry growl.
You hear a shout!
There is an open door here.
You hear an angry growl.
You hear a shout!
There is an open door here.
Throw: 14 darts (poison)
Press: ? - help, Q - select action, (/) - cycle Shift-Dir - straight line, f - spriggan defender
Aim: a spriggan defender, wielding a +1 lajatang of electrocution and wearing a +0 robe (32% to hit)
You throw a poisoned dart.
The poisoned dart hits the spriggan defender.
The spriggan defender is poisoned.
You hear an angry growl.
You hear an angry growl.
You hear a shout!
There is an open door here.
Throw: 13 darts (poison)
Press: ? - help, Q - select action, (/) - cycle Shift-Dir - straight line, f/p - spriggan defender
Aim: a spriggan defender, wielding a +1 lajatang of electrocution and wearing a +0 robe (lightly wounded, poisoned, 32% to hit)
You throw a poisoned dart.
The poisoned dart hits the spriggan defender.
The spriggan defender is lightly wounded.
You hear a shout!
The spriggan berserker rages.
You flicker for a moment.
You hear a shout! x2
You aren't carrying any items that you can evoke.
Throw: 12 darts (poison)
Press: ? - help, Q - select action, (/) - cycle Shift-Dir - straight line, f - spriggan berserker
Aim: a spriggan berserker, wielding a +0 broad axe and wearing a +0 animal skin (berserk, regenerating, strong-willed, 44% to hit)
You throw a poisoned dart.
The poisoned dart misses the spriggan berserker.
You hear an angry growl.
The spriggan berserker rages.
There is an open door here.
The spriggan berserker hits you with a +0 broad axe!!!
Ouch! That really hurt!
You die...
Your body crumbles into a pile of gold.

################################
#<..P#.....#.....#.⌠._._._._.⌠.#
#PP..'...†.'.#)..'.._._._._._..'
#PPPP#...†.#.#...#..._._._._...#
###############'##.._._._._._..#
#...♣........'...#._._._._._.⌠.#
#......♣.....#...###############
#.....♣..♣..######♣♣♣♣♣.(♣[###.i
##'####'######.@i.....i♣..♣##..#
#..#....'.......#♣..♣♣♣.♣).###(#
#..#.[###.......#.♣♣..♣...♣i...#
####### ########################
#.. #...♣ ....... #######


You could see a spriggan defender and a spriggan berserker (berserk,
regenerating, strong-willed).

Vanquished Creatures
  Agnes (D)
  A spriggan druid (D)
  6 oklob plants (D)
  A demonic crawler (D)
  A queen bee (D)
  2 burning bushes (D)
  2 wandering mushrooms (D)
  A hornet (D)
  2 scorpions (D)
  4 killer bees (D)
  5 oklob saplings (D)
  5 spriggans (D)
  A river rat (D)
  A rat (D)
  A ballistomycete spore (D)
34 creatures vanquished.

Vanquished Creatures (collateral kills)
  A wandering mushroom (D)
  A burning bush (D)
  A scorpion (D)
3 creatures vanquished.

Grand Total: 37 creatures vanquished

Notes
Turn   | Place    | Note
-------+----------+-------------------------------------------
     0 | D        | styxcanada the Spriggan Brigand began the quest for the
                  | Orb.
     0 | D        | Reached XP level 1. HP: 10/10 MP: 2/2
     9 | D        | Reached skill level 8 in Stealth
     9 | D        | Reached XP level 2. HP: 15/15 MP: 3/3
    21 | D        | Noticed an oklob sapling
    23 | D        | Killed an oklob sapling
    24 | D        | Reached skill level 9 in Stealth
    24 | D        | Reached XP level 3. HP: 19/19 MP: 4/4
    25 | D        | Noticed a scorpion
    25 | D        | Found the amulet of invisibility {+Inv}
    27 | D        | Killed a scorpion
    28 | D        | Reached skill level 12 in Stealth
    28 | D        | Reached XP level 4. HP: 23/23 MP: 5/5
    51 | D        | Found an opulent altar of Gozag.
    51 | D        | Found a hazy altar of Hepliaklqana.
    51 | D        | Found a burning altar of Makhleb.
    51 | D        | Found a sparkling altar of Nemelex Xobeh.
    51 | D        | Found a snail-covered altar of Cheibriados.
    51 | D        | Found a sacrificial altar of Ru.
    51 | D        | Found a shimmering blue altar of Sif Muna.
    51 | D        | Found a shimmering altar of Xom.
    51 | D        | Found a basalt altar of Yredelemnul.
    52 | D        | Found a viscous altar of Jiyva.
    52 | D        | Found a bloodstained altar of Trog.
    52 | D        | Found an ornate altar of the Wu Jian Council.
    53 | D        | Found an iron altar of Okawaru.
    53 | D        | Found a shadowy altar of Dithmenos.
    53 | D        | Found a glowing silver altar of Zin.
    54 | D        | Found an ancient bone altar of Kikubaaqudgha.
    54 | D        | Found a hide-covered altar of Uskayaw.
    55 | D        | Found a stormy altar of Qazlal.
    55 | D        | Found a white marble altar of Elyvilon.
    55 | D        | Found a glowing golden altar of the Shining One.
    56 | D        | Became a worshipper of Gozag Ym Sagoz the Greedy
    57 | D        | Found a corrupted altar of Lugonu.
    57 | D        | Found a radiant altar of Vehumet.
    61 | D        | Reached skill level 13 in Stealth
    61 | D        | Reached XP level 5. HP: 28/28 MP: 3/6
   114 | D        | Reached skill level 5 in Dodging
   114 | D        | Reached skill level 14 in Stealth
   121 | D        | Reached skill level 15 in Stealth
   123 | D        | Reached XP level 6. HP: 33/33 MP: 5/7
   145 | D        | Found Quiprioti's Book Shop.
   145 | D        | Found Veblodgh's Assorted Antiques.
   151 | D        | Bought a scroll labelled OLEDOS NIBOEPP for 27 gold pieces
   151 | D        | Bought a murky silvery potion for 24 gold pieces
   151 | D        | Bought 3 scrolls labelled XECO AXZIASK for 81 gold pieces
   151 | D        | Bought a scroll labelled XECO AXZIASK for 27 gold pieces
   151 | D        | Bought a scroll labelled OLEFIE ETAK for 27 gold pieces
   157 | D        | Noticed a burning bush
   157 | D        | Noticed a wandering mushroom
   158 | D        | Noticed a wandering mushroom
   166 | D        | Killed a wandering mushroom
   167 | D        | Reached skill level 17 in Stealth
   167 | D        | Reached skill level 1 in Shields
   171 | D        | Killed a wandering mushroom
   172 | D        | Reached XP level 7. HP: 29/38 MP: 5/8
   173 | D        | Reached skill level 18 in Stealth
   173 | D        | Killed a burning bush
   174 | D        | Reached skill level 5 in Evocations
   187 | D        | Found Mucrier's Weapon Emporium.
   187 | D        | Found Ewodezy's Assorted Antiques.
   193 | D        | Bought a scroll labelled MEATA NALUUCHO for 33 gold pieces
   193 | D        | Bought a scroll labelled MEXAYCV YL MYBB for 33 gold pieces
   193 | D        | Bought an embroidered robe for 122 gold pieces
   193 | D        | Bought a glowing robe for 122 gold pieces
   260 | D        | Bought 2 glowing yellow potions for 59 gold pieces
   260 | D        | Bought a glowing yellow potion for 29 gold pieces
   303 | D        | Noticed a queen bee
   310 | D        | Killed a queen bee
   311 | D        | Reached skill level 19 in Stealth
   312 | D        | Reached XP level 8. HP: 42/42 MP: 7/9
   315 | D        | Reached skill level 5 in Fighting
   396 | D        | Noticed an oklob plant
   399 | D        | Killed an oklob plant
   400 | D        | Reached skill level 5 in Short Blades
   400 | D        | Reached skill level 20 in Stealth
   413 | D        | Noticed a burning bush
   416 | D        | Killed a burning bush
   417 | D        | Reached skill level 21 in Stealth
   428 | D        | Identified the +0 plate armour "Uron" {rF+ Int+3}
   453 | D        | Noticed a burning bush
   453 | D        | Noticed an oklob plant
   454 | D        | Noticed a wandering mushroom
   455 | D        | Killed a burning bush
   456 | D        | Reached XP level 9. HP: 47/47 MP: 7/10
   467 | D        | Killed a wandering mushroom
   468 | D        | Killed an oklob plant
   469 | D        | Reached skill level 22 in Stealth
   620 | D        | Noticed a spriggan druid
   622 | D        | Killed a spriggan druid
   623 | D        | Reached skill level 10 in Evocations
   683 | D        | Noticed an oklob plant conjurer
   684 | D        | Killed an oklob plant conjurer
   685 | D        | Reached skill level 23 in Stealth
   745 | D        | Noticed an oklob plant
   745 | D        | Noticed an oklob plant summoner
   746 | D        | Noticed an oklob plant shifter
   750 | D        | Killed an oklob plant
   752 | D        | Killed an oklob plant summoner
   753 | D        | Reached XP level 10. HP: 53/53 MP: 8/11
   755 | D        | Killed an oklob plant shifter
   810 | D        | Reached skill level 10 in Dodging
   810 | D        | Reached skill level 24 in Stealth
   812 | D        | Noticed a spriggan rider
   825 | D        | Found Mujoqosu's Magic Scroll Emporium.
   831 | D        | Killed a spriggan rider
   832 | D        | Reached skill level 5 in Shields
   844 | D        | Found Ribaopoz's Weapon Shoppe.
   859 | D        | Bought a scroll of acquirement for 520 gold pieces
   859 | D        | Bought a scroll of acquirement for 520 gold pieces
   859 | D        | Bought a scroll of enchant weapon for 75 gold pieces
   859 | D        | Bought a scroll of holy word for 75 gold pieces
   859 | D        | Bought a scroll of identify for 20 gold pieces
   862 | D        | Acquired the ring of Waniwup {rPois rN+ Str+6 Dex+3}
   869 | D        | Acquired 688 gold pieces
  1036 | D        | Bought a book of Misfortune for 338 gold pieces
  1113 | D        | Noticed Agnes
  1115 | D        | Found Zierph's Armour Emporium.
  1115 | D        | Noticed a spriggan berserker
  1117 | D        | Found Pashriup's Jewellery Shoppe.
  1119 | D        | Killed Agnes
  1120 | D        | Reached skill level 25 in Stealth
  1125 | D        | Noticed a spriggan defender
  1159 | D        | Annihilated by a spriggan berserker

Illustrated notes

Levels and vault maps discovered:
D:        dungeon_sprint_fedhas [sprint_temple]

Skill      XL: |  1  2  3  4  5  6  7  8  9 10 |
---------------+-------------------------------+-----
Dodging        | 2 3 4 5 6 7 8 9 10 | 10.9
Stealth        | 8 9 12 13 15 17 19 21 23 25 | 25.5
Fighting       | 2 3 4 5 6 7 |  7.3
Short Blades   | 3 4 5 6 |  6.4
Evocations     | 2 4 6 8 11 13 | 13.2
Throwing       | 3 |  3.5
Shields        | 1 2 3 4 5 |  5.5

Action                   |  1- 3 |  4- 6 |  7- 9 | 10-12 || total
-------------------------+-------+-------+-------+-------++-------
Melee: Dagger            |     8 |    14 |    21 |    22 ||    65
Throw: Dart              |       |       |       |     3 ||     3
 Abil: Evoke Invisibilit |       |     3 |     6 |     2 ||    11
  Use: Scroll            |       |     4 |     5 |     5 ||    14
       Potion            |       |       |       |     1 ||     1
 Stab: Sleeping          |     3 |     4 |    16 |     3 ||    26
       Invisible         |       |     2 |     1 |       ||     3
       Distracted        |       |       |       |     1 ||     1
Armor: Robe              |     1 |       |       |       ||     1
Dodge: Dodged            |     4 |    14 |       |     6 ||    24
Block: Buckler           |       |       |       |     3 ||     3
